AoeStats
← INK | Lactato

Arabia

510011397Analyzed
4v4 RM · 3d ago on Sep 29, 2026· 39m 58s· 8 players
Game mode
Random Map
Map size
Large (8 player)
Population
200
Speed
Normal
Resources
Standard
Victory
Conquest
Starting age
Dark Age
Ending age
Imperial Age
RankedLock teamsTeams togetherTeam positionsShared explorationLock speedFull tech treeHidden civsTurbo modeCheats
Victory
Defeat
🇦🇷 Varangians · Argentina
1378
+9
🇨🇴 Vietnamese · Colombia
1246
+14
🇨🇴 Persians · Colombia
1232
+14
🇦🇷 Shu · Argentina
1220
+14
🇨🇱 Burgundians · Chile
1227
-14
🇦🇷 Malay · Argentina
1198
-13
🇦🇷 Franks · Argentina
1182
-12
🇦🇷 Cumans · Argentina
1176
-12
Murderer Potato
10:10 Feudal Age
15:13 Loom
18:51 Castle Age
20:06 Double-Bit Axe
21:00 Bow Saw
20:17 Cavalier
21:01 Husbandry
26:51 Wheelbarrow
29:22 Hand Cart
29:46 Horse Collar
31:41 Forging
31:38 Scale Barding Armor
31:53 Heavy Plow
32:10 Gold Mining
32:11 Stone Mining
33:52 Iron Casting
33:38 Chain Barding Armor
36:13 Two-Man Saw
35:31 Burgundian Vineyards
36:20 Gold Shaft Mining
36:24 Crop Rotation
Dracarys
3:50 Loom
9:46 Feudal Age
12:39 Horse Collar
14:22 Scale Barding Armor
19:44 Fletching
24:24 Castle Age
23:12 Bloodlines
23:34 Double-Bit Axe
24:21 Gold Mining
29:26 Chain Barding Armor
32:37 Forging
DHOKO
3:14 Loom
13:25 Feudal Age
27:00 Castle Age
25:18 Double-Bit Axe
26:00 Crossbowman
27:02 Fletching
27:13 Padded Archer Armor
28:01 Bodkin Arrow
29:01 Leather Archer Armor
32:03 Town Watch
32:55 Wheelbarrow
33:43 Gold Mining
35:34 Bow Saw
[AryaStark]
7:05 Loom
10:40 Feudal Age
13:41 Forging
21:35 Castle Age
20:32 Scale Barding Armor
25:36 Chain Barding Armor
27:06 Wheelbarrow
34:57 Double-Bit Axe
37:54 Padded Archer Armor
INK | Goku
5:28 Loom
9:46 Feudal Age
10:16 Double-Bit Axe
18:43 Fletching
23:47 Castle Age
22:57 Padded Archer Armor
22:53 Gold Mining
23:55 Crossbowman
24:41 Thumb Ring
24:35 Bodkin Arrow
24:55 Bow Saw
25:42 Leather Archer Armor
27:43 Horse Collar
31:23 Wheelbarrow
31:26 Ballistics
34:31 Hand Cart
36:11 Gold Shaft Mining
41:50 Imperial Age
INK | Lactato
6:40 Loom
9:26 Feudal Age
11:54 Town Watch
11:57 Double-Bit Axe
12:35 Bloodlines
18:10 Forging
18:44 Horse Collar
20:13 Wheelbarrow
22:40 Scale Mail Armor
22:45 Scale Barding Armor
25:09 Castle Age
26:11 Bow Saw
26:02 Heavy Plow
26:50 Chain Barding Armor
28:24 Gold Mining
34:34 Iron Casting
37:49 Imperial Age
36:20 Husbandry
39:18 Plate Barding Armor
38:05 Cavalier
INK | Papa pitufo
4:49 Loom
9:17 Feudal Age
16:07 Scale Barding Armor
24:13 Castle Age
23:43 Bloodlines
23:49 Forging
23:53 Horse Collar
28:21 Husbandry
29:53 Double-Bit Axe
33:38 Chain Barding Armor
INK | LaPulga
6:15 Loom
9:15 Feudal Age
10:06 Double-Bit Axe
15:25 Fletching
21:52 Wheelbarrow
25:19 Castle Age
24:21 Gold Mining
25:35 Padded Archer Armor
25:20 Crossbowman
25:57 Bodkin Arrow
26:33 Bow Saw
27:20 Thumb Ring
30:13 Heated Shot
30:46 Ballistics
34:25 Horse Collar
35:14 Stone Mining
35:48 Hand Cart
35:19 Town Watch
36:13 Leather Archer Armor
40:40 Imperial Age
Connection lost

Rejoining the realm…

Still unreachable

The connection could not be restored.

Session expired

The server has moved on; the page needs a fresh start.